 Dungeon Crawl Stone Soup version 0.26.1-12-g5ba1501909 (webtiles) character file.

Game seed: 4605834643221238569

48 alasdair19 the Poker (level 3, 0/22 HPs)
             Began as a Gargoyle Gladiator on Nov 27, 2021.
             Slain by a quokka (3 damage)
             ... on level 2 of the Dungeon on Nov 28, 2021.
             The game lasted 00:06:11 (1876 turns).

alasdair19 the Poker (Gargoyle Gladiator)           Turns: 1876, Time: 00:06:12

Health: 0/22       AC: 10    Str: 18    XL:     3   Next: 72%
Magic:  3/3        EV: 10    Int:  8    God:
Gold:   66         SH:  0    Dex: 11    Spells: 2/2 levels left

rFire    . . .     SeeInvis .   a - +0 trident
rCold    . . .     Faith    .   (no shield)
rNeg     + . .     Spirit   .   j - +0 scale mail
rPois    ∞         Reflect  .   c - +0 helmet
rElec    +         Harm     .   (no cloak)
rCorr    .         Rampage  .   (no gloves)
Will     .....                  (no boots)
Stlth    ..........             (no amulet)
HPRegen  0.07/turn              (no ring)
MPRegen  0.08/turn              (no ring)

@: no status effects
A: negative energy resistance 1, electricity resistance, unbreathing,
petrification resistance, miasma immunity, AC +3
a: no special abilities


You were on level 2 of the Dungeon.
You visited 1 branch of the dungeon, and saw 2 of its levels.

You collected 66 gold pieces.

Inventory:

Hand Weapons
 a - a +0 trident (weapon)
Missiles
 d - 3 throwing nets (quivered)
Armour
 b - a +0 leather armour
 c - a +0 helmet (worn)
 j - a +0 scale mail (worn)
Jewellery
 l - an uncursed amulet of faith {unknown}
Scrolls
 f - a scroll of remove curse {unknown}
 g - a scroll of blinking {unknown}
 i - a scroll of fear {unknown}
 n - a scroll of teleportation {unknown}
Potions
 e - a potion of heal wounds {unknown}
 h - a potion of curing {unknown}
 k - a potion of attraction {unknown}
 m - 2 potions of haste {unknown}


   Skills:
 + Level 2.6 Fighting
 + Level 3.3 Polearms
 + Level 2.0 Throwing
 + Level 1.4 Armour
 + Level 2.5 Dodging
 + Level 0.2 Stealth


You had 2 spell levels left.
You didn't know any spells.
Your spell library was empty.

Dungeon Overview and Level Annotations

Branches:
Dungeon (2/15)

Altars:


Innate Abilities, Weirdness & Mutations

You are resistant to torment.
Your stone body is resilient. (AC +3)
You are immune to poison.
You resist negative energy. (rN+)
You are resistant to electric shocks. (rElec)
You can survive without breathing.
You are immune to petrification.
You are immune to miasma.


Message History

* * * LOW HITPOINT WARNING * * *
The quokka closely misses you.
You puncture the gnoll!
The gnoll is severely wounded.
The goblin barely misses you. The quokka bites you.
* * * LOW HITPOINT WARNING * * *
The gnoll barely misses you.
You hit the gnoll.
You kill the gnoll!
The goblin hits you but does no damage. The quokka barely misses you.
The goblin hits you but does no damage. The quokka barely misses you.
You barely miss the goblin. The quokka barely misses you.
The goblin hits you but does no damage.
You closely miss the goblin.
The quokka bites you but does no damage.
The goblin hits you but does no damage.
You closely miss the goblin.
The quokka bites you but does no damage.
The goblin hits you but does no damage. The quokka bites you.
You die...

.#...##.#..#.###..#
.#...#.....#.#....#
.#................###.#
.#.###.......)...>.....
.#.# ##.#.....#...####
.#.# #....).###.###
.#.# #####.## #...#
.#.# #..###r#.#####
.#<# ##.#.g@......#
...# #...#).####.. .###
#..##.## .## ##.#..#
..## #.#$.. ...# ##..
<#.# ### .#.# .#..


You could see a quokka and a goblin.

Vanquished Creatures
  A gnoll (D:2)
  An adder (D:2)
  An ooze (D:1)
  A dart slug (D:2)
  2 giant cockroaches
  4 goblins
  5 hobgoblins
  4 bats (D:1)
  A frilled lizard (D:1)
  3 rats
23 creatures vanquished.

Vanquished Creatures (others)
  2 plants (D:1)
2 creatures vanquished.

Grand Total: 25 creatures vanquished

Notes
Turn   | Place    | Note
-------+----------+-------------------------------------------
     0 | D:1      | alasdair19 the Gargoyle Gladiator began the quest for the
                  | Orb.
     0 | D:1      | Reached XP level 1. HP: 12/12 MP: 1/1
    89 | D:1      | Reached skill level 3 in Polearms
  1104 | D:1      | Reached XP level 2. HP: 17/17 MP: 2/2
  1319 | D:1      | Reached skill level 1 in Armour
  1770 | D:2      | Reached XP level 3. HP: 21/21 MP: 3/3
  1876 | D:2      | Slain by a quokka

Illustrated notes

Levels and vault maps discovered:
D:1:      lightli_arrival_flooded_house, layout_basic
D:2:      layout_loops_ring, overflow_temple_1_default, serial_co_window_serial,
          co_window_corner_a, co_window_paths_a, co_window_of_opportunity_a,
          co_window_of_opportunity_a, co_window_corner_a, co_window_corner_b,
          co_window_corner_b, co_window_broadway_c, co_window_paths_e,
          co_window_sun, glass_columns_a, minmay_close_crescents

Skill      XL: |  1  2 |
---------------+-------+-----
Polearms       | 3 |  3.3
Throwing       | 2 |  2.0
Armour         | 1 |  1.4
Fighting       | |  2.6
Dodging        | |  2.5
Stealth        | |  0.2

Action                   || total
-------------------------++-------
Melee: Trident           ||    83
Armor: Leather armour    ||    41
       Scale mail        ||    32
Dodge: Dodged            ||   125
